 Dungeon Crawl Stone Soup version 0.21.1-1-g345015f (webtiles) character file.

120394 nicolaieve the Severer (level 16, -4/151 HPs)
             Began as a Minotaur Berserker on June 26, 2018.
             Was the Champion of Trog.
             Succumbed to a merfolk impaler's poison
             ... on level 3 of the Shoals.
             The game lasted 02:19:48 (22435 turns).

nicolaieve the Severer (Minotaur Berserker)        Turns: 22435, Time: 02:19:49

Health: -4/151     AC: 18    Str: 34    XL:     16   Next: 30%
Magic:  5/5        EV:  9    Int:  4    God:    Trog [******]
Gold:   2024       SH: 19    Dex: 10    Spells: 15/15 levels left

rFire    + + .     SeeInvis .   S - +5 broad axe (antimagic)
rCold    . . .     Gourm    .   I - +0 shield
rNeg     . . .     Faith    .   W - +2 plate armour {rF+}
rPois    .         Spirit   .   (helmet restricted)
rElec    .         Reflect  +   (no cloak)
rCorr    +         Harm     .   (no gloves)
MR       ++++.                  (no boots)
Stlth    ..........             s - +4 amulet of reflection
HPRegen  1.35/turn              a - ring "Itwokoq" {rCorr rF+ Str+5}
MPRegen  0.09/turn              B - ring of protection from magic

@: lethally poisoned (-4 -> -79), very slightly contaminated, regenerating
A: retaliatory headbutt, horns 2
a: Berserk, Trog's Hand, Brothers in Arms, Burn Spellbooks, Renounce Religion


You were on level 3 of the Shoals.
You worshipped Trog.
Trog was exalted by your worship.
You were hungry.

You visited 4 branches of the dungeon, and saw 26 of its levels.
You also visited: Volcano.

You collected 2274 gold pieces.
You spent 250 gold pieces at shops.

Inventory:

Hand Weapons
 j - a +0 war axe of freezing
 x - a +1 broad axe of flaming
 S - a +5 antimagic broad axe (weapon)
Armour
 I - a +0 shield (worn)
 W - a +2 plate armour of fire resistance (worn)
Jewellery
 a - the ring "Itwokoq" (left hand) {rCorr rF+ Str+5}
   (You found it on level 1 of the Lair of Beasts)

   [ring of resist corrosion]

   It affects your strength (+5).
   It protects you from fire.
 d - an uncursed amulet of regeneration
 q - a +4 ring of strength
 s - a +4 amulet of reflection (around neck)
 t - an uncursed ring of positive energy
 v - a +2 ring of dexterity
 B - a ring of protection from magic (right hand)
 G - a +2 ring of protection
 N - an uncursed ring of poison resistance
 R - a +3 ring of intelligence
Wands
 e - a wand of flame (99)
 M - a wand of disintegration (41)
 Q - a wand of iceblast (14)
Scrolls
 b - 2 scrolls of holy word
 g - a scroll of blinking
 m - 15 scrolls of teleportation
 o - 3 scrolls of fear
 r - 10 scrolls of remove curse
 y - 5 scrolls of magic mapping
 z - 3 scrolls of silence
 A - 4 scrolls of immolation
 D - 2 scrolls of enchant armour
 F - a scroll of acquirement
 H - 6 scrolls of enchant weapon
 T - 6 scrolls of identify
 U - 2 scrolls of brand weapon
 V - a scroll of summoning
Potions
 f - 10 potions of agility
 h - 2 potions of cancellation
 i - 2 potions of invisibility
 k - 2 potions of haste
 l - a potion of might
 n - 12 potions of curing
 E - 4 potions of brilliance
 O - 2 potions of lignification
 P - 3 potions of resistance
Comestibles
 c - 44 rations
 p - 10 chunks of flesh


   Skills:
 + Level 15.9 Fighting
 + Level 20.7 Axes
   Level 0.5(14.1) Maces & Flails
 + Level 13.9 Armour
 - Level 2.1 Dodging
 + Level 16.7 Shields


You had 15 spell levels left.
You didn't know any spells.

Dungeon Overview and Level Annotations

Branches:
Dungeon (15/15)            Temple (0/1) D:6            Lair (6/6) D:10
 Shoals (3/4) Lair:3       Spider (0/4) Lair:2        Slime (0/5) Lair:6
    Orc (2/2) D:11            Elf (0/3) Orc:2        Vaults (0/5) D:14
 Depths (0/5) D:15

Altars:
Ashenzari
Cheibriados
Elyvilon
Gozag
Kikubaaqudgha
Makhleb
Okawaru
Qazlal
Ru
Trog
Uskayaw
Wu Jian
Xom
Yredelemnul
The Shining One
Jiyva

Shops:
D:9 (   D:10 :   D:11 (   D:12 }   Orc:2 ((??

Annotations:
D:9 Prince Ribbit
Lair:6 exclusion: oklob plant


Innate Abilities, Weirdness & Mutations

You reflexively headbutt those who attack you in melee.
You have a pair of horns on your head.


Message History

You miss the merfolk impaler.
Your headbutt misses the merfolk impaler.
The merfolk impaler is lightly wounded.
* * * LOW HITPOINT WARNING * * *
You feel very sick.
The merfolk impaler hits you with a trident of venom!
* * * LOW HITPOINT WARNING * * *
You are more poisoned.
Unknown command.
Blink to where?
Press: ? - help, Dir - move target cursor
Okay, then.
Unknown command.
Eat one of 10 chunks of flesh? (ye/n/q)
Okay, then.
Blink to where?
Press: ? - help, Dir - move target cursor You are very lightly contaminated with residual magic.
As you read the scroll of blinking, it crumbles to dust.
You die...

≈PPP≈≈≈≈≈ P≈≈P≈≈≈≈≈
..≈P≈≈≈≈≈ #.P≈≈≈≈≈≈
#..≈≈≈≈≈≈ .# #.P≈P≈≈≈≈
≈P.# #.≈≈≈≈≈≈≈
PP≈PP..####@..≈≈≈≈≈
≈≈PPPP....P..(..≈≈≈
≈≈≈PP≈.......≈≈.##. ≈≈≈
≈≈≈≈≈≈....P....##..
≈≈≈≈≈≈≈≈≈≈≈.....).......
≈≈≈≈≈≈≈≈≈≈≈≈P..#)##....≈
≈≈≈≈≈≈≈≈≈≈...##.§...≈≈≈≈
≈≈≈≈≈≈≈≈≈....(.m%$..≈≈≈≈
≈≈≈≈≈≈≈≈≈...#.......≈≈≈≈


You could see a merfolk impaler.

Vanquished Creatures
  Gastronok (D:9)
  Kirke (Lair:6)
  The ghost of mikh4il the Severer, a journeyman HOFi of Beogh (D:13)
  2 entropy weavers (Lair:5)
  2 slime creatures (D:13)
  Snorg (Lair:6)
  Harold (D:12)
  A yaktaur captain (D:15)
  3 catoblepae
  8 hydras
  4 centaur warriors
  A merfolk avatar (Shoals:3)
  A deep troll shaman (Lair:6)
  A merfolk aquamancer (Shoals:2)
  3 tengu warriors
  A queen ant (Lair:5)
  9 two-headed ogres
  6 death yaks (Lair:6)
  3 orc high priests (Orc:2)
  A hell knight (Volcano)
  3 unseen horrors
  4 orc knights (Orc:2)
  6 sea snakes
  A wizard (D:15)
  A lindwurm (Lair:6)
  A necromancer (D:14)
  4 harpies (Shoals:1)
  10 fauns
  11 ugly things
  4 orc sorcerers (Orc:2)
  7 merfolk sirens
  The ghost of teukkam the Ruffian, a novice TrMo (D:7)
  5 cyclopes
  5 elephants
  A centaur zombie (D:14)
  7 manticores
  2 black mambas
  4 water nymphs
  2 molten gargoyles (Volcano)
  A spiny frog (shapeshifter) (D:14)
  4 gargoyles
  2 centaur skeletons
  A kobold demonologist (D:15)
  6 spiny frogs
  6 komodo dragons
  3 rime drakes
  9 merfolk
  10 trolls
  3 polar bears
  3 wind drakes
  6 meliai
  The ghost of RENEGADE the Poker, an amateur MfGl (D:3)
  2 hornets
  15 dream sheep
  13 hippogriffs
  7 blink frogs
  3 snapping turtles
  2 redbacks (Lair:2)
  3 shadows
  3 wraiths (D:14)
  2 water elementals (Shoals:2)
  A hog (Lair:6)
  A wyvern (D:14)
  A vampire (D:14)
  3 basilisks
  6 fire bats (Volcano)
  A hungry ghost (D:9)
  46 yaks
  A warg (Orc:1)
  22 soldier ants
  An acid dragon (D:13)
  16 water moccasins
  6 porcupines
  21 orc warriors
  3 black bears
  6 phantoms
  4 ice beasts
  5 sky beasts
  An eye of draining (D:15)
  4 necrophages
  22 centaurs
  14 ogres
  13 crocodiles
  20 wolves
  15 bullfrogs
  4 big kobolds
  A gnoll sergeant (D:7)
  3 scorpions
  2 water moccasin skeletons
  8 killer bees
  5 howler monkeys
  16 wights
  3 electric eels (D:10)
  8 crimson imps
  7 lava snakes
  A bullfrog zombie (D:10)
  9 hounds
  3 gnoll shamans (D:11)
  2 jellies
  A quasit (D:11)
  13 orc priests
  8 bullfrog skeletons
  7 iguanas
  19 orc wizards
  5 hell rats (Lair:5)
  27 worker ants
  A killer bee zombie (D:5)
  3 hound skeletons
  11 adders
  14 gnolls
  2 howler monkey skeletons
  4 shadow imps
  3 oozes
  An adder zombie (D:9)
  2 adder skeletons
  5 worms
  2 dart slugs (D:1)
  10 leopard geckos
  63 orcs
  4 bats
  8 giant cockroaches
  18 goblins
  6 hobgoblins
  12 jackals
  16 kobolds
  7 quokkas
  9 frilled lizards
  A jackal skeleton (D:6)
  2 quokka skeletons
  A quokka zombie (D:5)
  8 rats
  3 fungi (D:11)
  10 plants
846 creatures vanquished.

Vanquished Creatures (others)
  A merfolk javelineer (Shoals:3)
  A centaur warrior (D:14)
  A faun (Shoals:1)
  3 cyclopes
  A yaktaur (D:15)
  3 humans (Lair:6)
  An ice beast (D:12)
  7 centaurs
  A wight (D:12)
  An orc (Orc:2)
  9 fungi
  12 plants
41 creatures vanquished.

Grand Total: 887 creatures vanquished

Notes
Turn   | Place    | Note
-------+----------+-------------------------------------------
     0 | D:1      | nicolaieve the Minotaur Berserker began the quest for the Orb.
     0 | D:1      | Reached XP level 1. HP: 19/19 MP: 0/0
    33 | D:1      | Reached skill level 4 in Axes
    52 | D:1      | Reached XP level 2. HP: 17/27 MP: 1/1
   265 | D:1      | Reached XP level 3. HP: 30/33 MP: 2/2
   316 | D:1      | Reached ** piety under Trog
   437 | D:1      | Reached skill level 5 in Axes
   932 | D:2      | Found a stormy altar of Qazlal.
  1050 | D:2      | Reached XP level 4. HP: 38/41 MP: 3/3
  1524 | D:3      | Reached skill level 6 in Axes
  1525 | D:3      | Reached XP level 5. HP: 42/47 MP: 4/4
  1642 | D:3      | Reached *** piety under Trog
  1912 | D:3      | Noticed RENEGADE's ghost (amateur MfGl)
  1922 | D:3      | Killed RENEGADE's ghost
  1922 | D:3      | Reached skill level 5 in Fighting
  1922 | D:3      | Reached skill level 7 in Axes
  1922 | D:3      | Reached XP level 6. HP: 56/56 MP: 5/5
  2140 | D:4      | Reached skill level 8 in Axes
  2210 | D:4      | Found a shattered altar of Ashenzari.
  2275 | D:4      | Reached XP level 7. HP: 61/61 MP: 6/6
  2370 | D:4      | Found a basalt altar of Yredelemnul.
  2454 | D:4      | Reached skill level 9 in Axes
  2783 | D:4      | Reached **** piety under Trog
  2920 | D:5      | Entered Level 5 of the Dungeon
  3098 | D:5      | Reached skill level 10 in Axes
  3098 | D:5      | Reached XP level 8. HP: 38/69 MP: 7/7
  4060 | D:6      | Found a staircase to the Ecumenical Temple.
  4066 | D:6      | Reached skill level 11 in Axes
  4072 | D:6      | Reached skill level 5 in Armour
  4137 | D:6      | You fall through a shaft for 2 floors!
  4804 | D:7      | Reached XP level 9. HP: 77/77 MP: 8/8
  4876 | D:7      | Reached skill level 12 in Axes
  4887 | D:7      | Reached skill level 1 in Shields
  5073 | D:7      | Noticed teukkam's ghost (novice TrMo)
  5074 | D:7      | Reached ***** piety under Trog
  5089 | D:7      | Killed teukkam's ghost
  5253 | D:7      | Found a stormy altar of Qazlal.
  5331 | D:7      | Found a burning altar of Makhleb.
  5411 | D:7      | Reached skill level 13 in Axes
  5690 | D:8      | Reached skill level 5 in Shields
  5761 | D:8      | Received a gift from Trog
  5798 | D:8      | Noticed a two-headed ogre
  5804 | D:8      | Killed a two-headed ogre
  5804 | D:8      | Reached XP level 10. HP: 85/85 MP: 9/9
  6569 | D:9      | Found a bloodstained altar of Trog.
  6602 | D:9      | Found a snail-covered altar of Cheibriados.
  6602 | D:9      | Found a shimmering altar of Xom.
  6607 | D:9      | Found an ornate altar of the Wu Jian Council.
  6609 | D:9      | Found an ancient bone altar of Kikubaaqudgha.
  6610 | D:9      | Found a white marble altar of Elyvilon.
  6667 | D:9      | Reached skill level 14 in Axes
  6832 | D:9      | Found an iron altar of Okawaru.
  7188 | D:9      | Found Jafeunia's Antique Weapon Shoppe.
  7287 | D:9      | Found a sacrificial altar of Ru.
  7300 | D:9      | Noticed Gastronok
  7324 | D:9      | Killed Gastronok
  7324 | D:9      | Reached XP level 11. HP: 89/94 MP: 10/10
  7338 | D:9      | Noticed Prince Ribbit
  7464 | D:9      | Received a gift from Trog
  7488 | D:10     | Entered Level 10 of the Dungeon
  7538 | D:10     | Found Rapsitos's Book Boutique.
  7623 | D:10     | Noticed a two-headed ogre
  7631 | D:10     | Killed a two-headed ogre
  7692 | D:10     | Reached skill level 15 in Axes
  7861 | D:10     | Found an opulent altar of Gozag.
  7904 | D:10     | Found a staircase to the Lair.
  8128 | D:10     | Reached skill level 10 in Shields
  8333 | Lair:1   | Entered Level 1 of the Lair of Beasts
  8358 | Lair:1   | Got a clouded lead ring
  8498 | Lair:1   | Reached skill level 10 in Fighting
  8704 | Lair:1   | Reached XP level 12. HP: 64/105 MP: 11/11
  9134 | Lair:2   | Noticed an eight-headed hydra
  9143 | Lair:2   | Killed an eight-headed hydra
  9316 | Lair:2   | Noticed a five-headed hydra
  9327 | Lair:2   | Killed a five-headed hydra
  9412 | Lair:2   | Received a gift from Trog
  9455 | Lair:2   | Found a hole to the Spider Nest.
 10017 | Lair:3   | Found a staircase to the Shoals.
 10089 | Lair:3   | Reached skill level 16 in Axes
 10089 | Lair:3   | Reached skill level 10 in Armour
 11481 | Lair:4   | Identified the ring "Itwokoq" {rCorr rF+ Str+5} (You found it on level 1 of the Lair of Beasts)
 11553 | Lair:5   | Reached skill level 17 in Axes
 11693 | Lair:5   | Reached XP level 13. HP: 115/115 MP: 4/12
 12136 | Lair:5   | Noticed an entropy weaver
 12144 | Lair:5   | Received a gift from Trog
 12146 | Lair:5   | Killed an entropy weaver
 12208 | Lair:5   | Noticed an entropy weaver
 12218 | Lair:5   | Killed an entropy weaver
 12520 | Lair:6   | Entered Level 6 of the Lair of Beasts
 12584 | Lair:6   | Reached skill level 18 in Axes
 12641 | Lair:6   | Noticed Kirke
 12649 | Lair:6   | Killed Kirke
 12698 | Lair:6   | Found a dark tunnel.
 12705 | Volcano  | Entered a volcano
 12890 | Volcano  | Received a gift from Trog
 12897 | Volcano  | Found a burning altar of Makhleb.
 13098 | Lair:6   | Found a staircase to the Slime Pits.
 13098 | Lair:6   | Found a viscous altar of Jiyva.
 13123 | Lair:6   | Received a gift from Trog
 13456 | Lair:6   | Reached XP level 14. HP: 126/126 MP: 13/13
 13490 | Lair:6   | Reached ****** piety under Trog
 13490 | Lair:6   | Reached skill level 19 in Axes
 13939 | Lair:6   | Noticed Snorg
 13952 | Lair:6   | Killed Snorg
 14426 | D:11     | Found Hiekinti's Weapon Shoppe.
 14439 | D:11     | Found a staircase to the Orcish Mines.
 14728 | D:11     | Received a gift from Trog
 14988 | D:11     | Found a glowing golden altar of the Shining One.
 15578 | Orc:1    | Entered Level 1 of the Orcish Mines
 15822 | Orc:2    | Entered Level 2 of the Orcish Mines
 15927 | Orc:2    | Found a staircase to the Elven Halls.
 15992 | Orc:2    | Found Dogg's Weapon Shoppe.
 16033 | Orc:2    | Found Setes's Magic Scroll Shop.
 16058 | Orc:2    | HP: 4/129 [orc high priest/divine providence (17)]
 16278 | Orc:2    | Received a gift from Trog
 16570 | Orc:2    | Found Cetorion's Magic Scroll Shop.
 16580 | Orc:2    | Found Morucoe's Weapon Shoppe.
 16589 | Orc:2    | Bought a scroll of identify for 30 gold pieces
 16589 | Orc:2    | Bought 3 scrolls of identify for 90 gold pieces
 16589 | Orc:2    | Bought a scroll of identify for 30 gold pieces
 16589 | Orc:2    | Bought a scroll of identify for 30 gold pieces
 16604 | Orc:2    | Bought a scroll of identify for 28 gold pieces
 16604 | Orc:2    | Bought a scroll of identify for 28 gold pieces
 16604 | Orc:2    | Bought a scroll of noise for 14 gold pieces
 16629 | Orc:2    | Identified a scroll of acquirement
 16991 | D:12     | Noticed Harold
 17009 | D:12     | Killed Harold
 17123 | D:12     | Found Ratan's Gadget Shop.
 18054 | D:13     | Reached XP level 15. HP: 102/138 MP: 4/14
 18083 | D:13     | Noticed mikh4il's ghost (journeyman HOFi)
 18105 | D:13     | Killed mikh4il's ghost
 18234 | D:13     | Found a glowing golden altar of the Shining One.
 18981 | D:14     | Received a gift from Trog
 19016 | D:14     | Reached skill level 15 in Shields
 19098 | D:14     | Reached skill level 20 in Axes
 19275 | D:14     | Found a gate to the Vaults.
 19340 | D:15     | Entered Level 15 of the Dungeon
 19531 | D:15     | Reached skill level 15 in Fighting
 19553 | D:15     | Found a staircase to the Depths.
 20590 | Shoals:1 | Entered Level 1 of the Shoals
 20637 | Shoals:1 | Received a gift from Trog
 21146 | Shoals:1 | Reached XP level 16. HP: 125/149 MP: 5/15
 22192 | Shoals:3 | Found a hide-covered altar of Uskayaw.
 22208 | Shoals:3 | Received a gift from Trog
 22432 | Shoals:3 | HP: 3/151 [merfolk impaler/trident of venom (7)]
 22435 | Shoals:3 | Succumbed to a merfolk impaler's poison

Skill      XL: |  1  2  3  4  5  6  7  8  9 10 11 12 13 14 15 |
---------------+----------------------------------------------+-----
Axes           | 4 5 6 7 8 10 11 13 14 15 17 18 19 20 | 20.7
Fighting       | 4 5 6 7 8 10 11 12 14 15 | 15.9
Armour         | 3 4 5 6 8 9 10 11 12 13 | 13.9
Shields        | 5 9 11 12 13 14 16 | 16.7
Maces & Flails | |  0.5
Dodging        | |  2.1

Action                   |  1- 3 |  4- 6 |  7- 9 | 10-12 | 13-15 | 16-18 || total
-------------------------+-------+-------+-------+-------+-------+-------++-------
Melee: Hand axe          |    96 |    90 |   360 |   560 |       |       ||  1106
       Headbutt          |    12 |    25 |    88 |   176 |   249 |    38 ||   588
       Broad axe         |       |       |       |   190 |   979 |   158 ||  1327
       Flail             |       |       |       |    11 |     6 |       ||    17
Invok: Berserk           |     1 |     1 |     6 |     6 |    17 |     1 ||    32
       Trog's Hand       |       |       |     2 |     1 |     3 |     2 ||     8
       Burn Spellbooks   |       |       |       |     2 |     2 |       ||     4
  Use: Scroll            |       |       |    11 |     7 |    18 |     2 ||    38
       Potion            |       |       |       |       |     3 |     5 ||     8
  Eat: Chunk             |     1 |     3 |     9 |    21 |    36 |     5 ||    75
       Ration            |       |     1 |     2 |     3 |     3 |       ||     9
Armor: Animal skin       |     6 |       |       |       |       |       ||     6
       Leather armour    |     9 |       |       |       |       |       ||     9
       Plate armour      |    10 |    36 |    93 |   152 |   293 |    61 ||   645
Dodge: Dodged            |    44 |    29 |    45 |    93 |   166 |    25 ||   402
Block: Other             |       |    10 |    13 |       |       |       ||    23
       Reflection        |       |     1 |       |     4 |    99 |    17 ||   121
       Shield            |       |       |   103 |   357 |   742 |   152 ||  1354
